 Dungeon Crawl Stone Soup version 0.30.1-1-g62c8e00024 (webtiles) character file.

Game seed: 14043196632663960883

22773 GeoRichter the Thaumaturge (level 12, -1/69 HPs)
             Began as a Deep Elf Air Elementalist on July 14, 2023.
             Was an Elder of Hepliaklqana.
             Slain by a death yak (12 damage)
             ... on level 2 of the Lair of Beasts.
             The game lasted 00:26:58 (18731 turns).

GeoRichter the Thaumaturge (DEAE)                  Turns: 18731, Time: 00:26:59

Health: -1/69      AC: 11    Str:  7    XL:     12   Next: 66%
Magic:  0/30       EV: 16    Int: 24    God:    Hepliaklqana [****..]
Gold:   454        SH:  0    Dex: 15    Spells: 23/36 levels left

rFire   + . .        B - +3 dagger
rCold   + . .        (no shield)
rNeg    . . .        l - +2 leather armour {rPois}
rPois   +            y - +0 helmet
rElec   .            c - +1 cloak
rCorr   .            (no gloves)
SInv    .            G - +2 pair of slick slippers {slick, slippery, EV+4}
Will    +....        b - amulet of guardian spirit
Stlth   ++           N - ring of protection from cold
HPRegen 0.31/turn    h - ring of protection from fire
MPRegen 0.22/turn

%: guardian spirit
@: about to teleport
A: reduced essence
a: Renounce Religion, Recall Ancestor, Ancestor Identity, Transference, Idealise


You were on level 2 of the Lair of Beasts.
You worshipped Hepliaklqana.
Hepliaklqana was greatly pleased with you.
You visited 3 branches of the dungeon, and saw 15 of its levels.

You collected 913 gold pieces.
You spent 459 gold pieces at shops.

Inventory:

Hand Weapons
 B - a +3 dagger (weapon)
   (You took it off a wight on level 6 of the Dungeon)
Missiles
 z - 5 throwing nets {!f}
Armour
 c - a +1 cloak (worn)
   (You found it on level 1 of the Dungeon)
 l - a +2 leather armour of poison resistance (worn)
   (You found it on level 2 of the Dungeon)
 y - a +0 helmet (worn)
   (You found it on level 4 of the Dungeon)
 G - the +2 pair of slick slippers (worn) {slick, slippery, EV+4}
   (You bought it in a shop on level 5 of the Dungeon)

   Slick:     Its wearer cannot be constricted, engulfed, netted or webbed.
   Slippery:  Its wearer slips away from damaging melee attacks, pulling the
   attacker onward.
   EV:        It affects your evasion (+4).
Magical Staves
 o - a staff of conjuration {!a}
   (You found it on level 2 of the Dungeon)
Jewellery
 b - an amulet of guardian spirit (around neck)
   (You found it on level 7 of the Dungeon)
 g - a ring of positive energy
   (You found it on level 1 of the Dungeon)
 h - a ring of protection from fire (right hand)
   (You found it on level 1 of the Dungeon)
 m - a ring of protection from fire
   (You found it on level 2 of the Dungeon)
 u - a ring of wizardry
   (You found it on level 3 of the Dungeon)
 N - a ring of protection from cold (left hand)
   (You took it off an orc on level 11 of the Dungeon)
Wands
 r - a wand of charming (1)
   (You found it on level 3 of the Dungeon)
 F - a wand of iceblast (2)
   (You found it on level 7 of the Dungeon)
 O - a wand of mindburst (5)
   (You found it on level 2 of the Lair of Beasts)
Scrolls
 a - 2 scrolls of vulnerability {unknown}
 d - 4 scrolls of amnesia
 j - 3 scrolls of poison {!r}
 k - 2 scrolls of teleportation {@r4}
 n - a scroll of blinking {unknown}
 s - a scroll of brand weapon {unknown}
 t - a scroll of fear {unknown}
 v - 3 scrolls of enchant armour
 E - a scroll of torment {unknown}
 H - a scroll of enchant weapon {unknown}
 I - a scroll of acquirement {unknown}
 K - a scroll of immolation {unknown}
 L - a scroll of silence {unknown}
 M - a scroll of identify {@r1}
Potions
 e - 4 potions of lignification {!q}
 f - 2 potions of haste {unknown}
 i - 4 potions of might
 p - 3 potions of flight
 q - 3 potions of invisibility {unknown}
 w - 10 potions of curing {@q1}
 x - 7 potions of mutation {!q}
 A - 5 potions of attraction {!q}
 C - 2 potions of ambrosia {unknown}
 D - 4 potions of brilliance {unknown}
 J - a potion of cancellation {unknown}


   Skills:
 - Level 10.0 Fighting
 - Level 5.0 Armour
 - Level 2.4 Dodging
 - Level 2.4 Stealth
 - Level 12.5 Spellcasting
 - Level 3.0 Conjurations
 * Level 9.2 Summonings
 + Level 4.0 Translocations
 - Level 10.0 Air Magic
 - Level 1.4 Invocations
 - Level 4.3 Evocations


You had 23 spell levels left.
You knew the following spells:

 Your Spells              Type           Power      Damage    Failure   Level
a - Shock                 Conj/Air       100%       1d9       1%          1
b - Airstrike             Air            29%        2d(5-21)  1%          4
c - Mephitic Cloud        Conj/Pois/Air  35%        N/A       3%          3
d - Summon Forest         Summ/Tloc      23%        N/A       11%         5

Your spell library contained the following spells:

 Spells                   Type           Power      Damage    Failure   Level
 Apportation              Tloc           68%        N/A       1%          1
 Magic Dart               Conj           100%       1d8       1%          1
 Summon Small Mammal      Summ           100%       N/A       1%          1
 Call Imp                 Summ           100%       N/A       1%          2
 Poisonous Vapours        Pois/Air       78%        N/A       1%          2
 Static Discharge         Conj/Air       92%        2-6/arc   1%          2
 Call Canine Familiar     Summ           56%        N/A       1%          3
 Swiftness                Air            58%        N/A       1%          3
 Necrotise                Necr           60%        1d7       6%          1
 Sting                    Tmut/Pois      60%        1d6       6%          1
 Portal Projectile        Hex/Tloc       48%        N/A       8%          3
 Summon Cactus Giant      Summ           28%        N/A       21%         6
 Summon Mana Viper        Hex/Summ       37%        N/A       24%         5
 Leda's Liquefaction      Hex/Erth       7%         N/A       50%         4
 Olgreb's Toxic Radiance  Pois           15%        N/A       50%         4


Dungeon Overview and Level Annotations

Branches:
Dungeon (11/15) Zot: 24785  Temple (1/1) D:4 Zot: 5801    Lair (3/5) D:11 Zot: 14533
 Shoals (0/4) Lair:2        Snake (0/4) Lair:2          Orc (0/2) D:10

Altars:
Ashenzari
Cheibriados
Dithmenos
Elyvilon
Fedhas
Gozag
Hepliaklqana
Kikubaaqudgha
Makhleb
Nemelex Xobeh
Okawaru
Qazlal
Ru
Sif Muna
Trog
Uskayaw
Vehumet
Wu Jian
Xom
Yredelemnul
Zin
The Shining One

Shops:
D:5 [   D:10 (   D:11 :

Annotations:
D:2 1 runed translucent door, Crazy Yiuf


Message History

Aim: a cane toad (severely wounded, ally target, empty space bonus: 8/8)
The air twists around and strikes the cane toad!
You kill the cane toad!
Your Translocations skill increases to level 4!
Okay, then.
You swap places.
You swap places.
Done exploring.
Done exploring.
Done exploring.
Done exploring.
There is a stone staircase leading down here.
You climb downwards.
The death yak bellows!
You hear an angry hiss.
Found a scroll of enchant armour.
There is a stone staircase leading up here.
The death yak gores you!
You climb upwards.
There is a stone staircase leading down here.
The zap hits the death yak.
The death yak is lightly wounded.
Tertia hits the death yak with a +0 flail.
The death yak gores you!
You slip backwards!
The zap hits the death yak.
The death yak is lightly wounded.
The death yak closely misses you.
The zap hits the death yak.
The death yak is lightly wounded.
Tertia hits the death yak with a +0 flail!
The death yak gores you!!
* * * LOW HITPOINT WARNING * * *
You slip backwards!
Okay, then.
Okay, then.
Aiming: Mindburst
Press: ? - help, Shift-Dir - straight line, f/p - death yak
Aim: a death yak (moderately wounded, ally target, chance to affect: 17%)
Okay, then.
Aiming: Iceblast
Press: ? - help, Shift-Dir - straight line, p - death yak
Okay, then.
The death yak attacks as you move away! The death yak gores you!
* * * LOW HITPOINT WARNING * * *
As you read the scroll of teleportation {@r4}, it crumbles to dust.
You feel strangely unstable. The death yak gores you!
* * * LOW HITPOINT WARNING * * *
You slip backwards!
Okay, then.
The death yak attacks as you move away! The death yak gores you!!
You die...

#R#..............##
###..............P#
##..............#
#..........##..#
###........##<.##
##.......##P..## ###
##....####....# ..##
#.............#
...####.........@Y.R###
......................##
..........#####....#...###
.........## ######.#>..###
........## #####...P#
.........## #.####...###
.........P##
##..###....####
.<.........#
###..R>......P
..........## ##..........


You could see the friendly Tertia the knight and a death yak (ally target).

Vanquished Creatures
  Harold (D:9)
  2 boulder beetles (D:11)
  A two-headed ogre (D:11)
  A death yak (D:11)
  Amaemon (D:8)
  A skyshark (Lair:2)
  An ugly thing (D:11)
  7 cane toads
  2 rime drakes (Lair:2)
  Sigmund (D:2)
  A shadow (D:11)
  6 spriggans (Lair:1)
  A wraith (D:10)
  3 wyverns
  A steam dragon (D:7)
  24 yaks
  A basilisk (Lair:1)
  3 nagas (Lair:2)
  4 water moccasins
  2 ogres
  A black bear (Lair:1)
  2 sky beasts
  6 centaurs
  3 wolves (Lair:1)
  2 lemures (D:8)
  A phantom (D:5)
  A kobold brigand (D:7)
  2 bullfrogs
  3 scorpions
  2 gnoll sergeants (D:9)
  7 wights
  A vampire bat (Lair:1)
  2 howler monkeys (D:10)
  2 gnoll boudas
  An orc priest (D:11)
  A jelly (D:6)
  6 hounds
  A sleepcap (D:6)
  5 iguanas
  7 orc wizards
  7 adders
  16 gnolls
  A shadow imp (D:6)
  2 white imps
  6 worms
  4 dart slugs
  17 orcs
  A ball python (D:2)
  9 endoplasms
  4 giant cockroaches
  6 hobgoblins
  10 jackals (D:3)
  13 kobolds
  7 bats
  A frilled lizard (D:1)
  9 goblins
  13 rats
  A spectral hobgoblin (D:1)
247 creatures vanquished.

Vanquished Creatures (collateral kills)
  Pikel (D:8)
  3 cane toads
  An orange demon (D:8)
  A rime drake (Lair:2)
  A komodo dragon (Lair:1)
  A snapping turtle (Lair:2)
  4 spriggans (Lair:1)
  A shadow (D:11)
  A vampire (D:10)
  A basilisk (Lair:1)
  15 yaks
  A naga (Lair:2)
  2 water moccasins (Lair:1)
  A black bear (D:7)
  A wolf (Lair:1)
  A centaur (D:9)
  A kobold brigand (D:7)
  2 bullfrogs
  3 howler monkeys
  An orc priest (D:6)
  An orc wizard (D:11)
  A gnoll (D:9)
  2 bats (Lair:1)
  2 kobolds (D:7)
49 creatures vanquished.

Vanquished Creatures (others)
  4 knights (D:11)
4 creatures vanquished.

Grand Total: 300 creatures vanquished

Notes
Turn   | Place    | Note
-------+----------+-------------------------------------------
     0 | D:1      | GeoRichter the Deep Elf Air Elementalist began the quest
                  | for the Orb.
     0 | D:1      | Reached XP level 1. HP: 10/10 MP: 6/6
   211 | D:1      | Found a faded altar of an unknown god.
   410 | D:1      | Reached XP level 2. HP: 14/15 MP: 0/8
  1433 | D:2      | Reached XP level 3. HP: 19/19 MP: 1/9
  1588 | D:2      | Noticed Sigmund
  1864 | D:2      | Found a runed translucent door.
  1865 | D:2      | Noticed Crazy Yiuf
  2544 | D:3      | Noticed a sky beast
  2617 | D:3      | Reached XP level 4. HP: 21/24 MP: 6/10
  2622 | D:3      | Learned a level 4 spell: Airstrike
  2769 | D:3      | Found a stormy altar of Qazlal.
  2789 | D:3      | Found a shimmering blue altar of Sif Muna.
  3319 | D:4      | Found a staircase to the Ecumenical Temple.
  3563 | Temple   | Entered the Ecumenical Temple
  3748 | Temple   | Became a worshipper of Hepliaklqana the Forgotten
  3808 | D:4      | Noticed a water moccasin
  3810 | D:4      | Killed a water moccasin
  3811 | D:4      | Reached skill level 5 in Air Magic
  3811 | D:4      | Reached XP level 5. HP: 28/28 MP: 5/11
  4002 | D:4      | Reached XP level 6. HP: 13/32 MP: 2/13
  4201 | D:4      | Found a snail-covered altar of Cheibriados.
  4251 | D:4      | Found a shadowy altar of Dithmenos.
  4636 | D:4      | Reached skill level 4 in Spellcasting
  4877 | D:5      | Entered Level 5 of the Dungeon
  5020 | D:5      | Reached XP level 7. HP: 36/36 MP: 11/16
  5169 | D:5      | Reached skill level 5 in Spellcasting
  5358 | D:5      | Found Gofapicu's Armour Boutique.
  5928 | D:6      | Reached skill level 6 in Spellcasting
  5930 | D:6      | Reached XP level 8. HP: 41/41 MP: 4/19
  6260 | D:6      | Learned a level 3 spell: Mephitic Cloud
  6273 | D:6      | Reached skill level 7 in Spellcasting
  6349 | D:6      | Found a burning altar of Makhleb.
  6429 | D:6      | Reached * piety under Hepliaklqana
  6489 | D:6      | Identified the +1 helmet of Weylodyi {-Cast +Inv Fly Will+}
  6593 | D:6      | Found a sacrificial altar of Ru.
  7634 | D:2      | Killed Sigmund
  7635 | D:2      | Reached skill level 8 in Spellcasting
  7666 | D:3      | Reached skill level 10 in Air Magic
  8024 | D:7      | Reached ** piety under Hepliaklqana
  8025 | D:7      | Remembered your ancestor Tertia as a knight
  8053 | D:7      | Reached skill level 1 in Armour
  8053 | D:7      | Reached XP level 9. HP: 40/40 MP: 19/23
  8338 | D:7      | Reached skill level 9 in Spellcasting
  9561 | D:8      | Noticed Pikel
  9688 | D:8      | Killed Pikel
  9689 | D:8      | Reached skill level 5 in Armour
  9689 | D:8      | Reached skill level 10 in Spellcasting
 10228 | D:8      | Noticed an orange demon
 10233 | D:8      | Killed an orange demon
 10234 | D:8      | Reached skill level 1 in Fighting
 10234 | D:8      | Reached skill level 1 in Invocations
 10303 | D:8      | Noticed Amaemon
 10313 | D:8      | Killed Amaemon
 10314 | D:8      | Reached skill level 11 in Spellcasting
 10314 | D:8      | Reached skill level 1 in Evocations
 10314 | D:8      | Reached XP level 10. HP: 48/48 MP: 1/27
 10698 | D:5      | Bought the +2 pair of slick slippers {slick, slippery,
                  | EV+4} for 459 gold pieces
 10698 | D:5      | Found the +2 pair of slick slippers {slick, slippery, EV+4}
 11609 | D:9      | Noticed Harold
 11643 | D:9      | Killed Harold
 11644 | D:9      | Reached skill level 12 in Spellcasting
 11648 | D:9      | Reached skill level 5 in Fighting
 11958 | D:10     | Entered Level 10 of the Dungeon
 12116 | D:10     | Reached XP level 11. HP: 57/57 MP: 22/29
 12211 | D:10     | Reached *** piety under Hepliaklqana
 12215 | D:10     | Found Ydioth's Antique Weapon Boutique.
 12916 | D:10     | Found a staircase to the Orcish Mines.
 13093 | D:11     | Noticed a white ugly thing
 13103 | D:11     | Killed a white ugly thing
 13104 | D:11     | Reached skill level 1 in Summonings
 13781 | D:11     | Noticed a death yak
 13816 | D:11     | Killed a death yak
 14074 | D:11     | Learned a level 5 spell: Summon Forest
 14211 | D:11     | Noticed a boulder beetle
 14226 | D:11     | Killed a boulder beetle
 14389 | D:11     | Found a staircase to the Lair.
 14408 | D:11     | Noticed a two-headed ogre
 14412 | D:11     | Killed a two-headed ogre
 14652 | D:11     | Found Mituuw Idug's Book Shoppe.
 14716 | D:11     | Noticed a boulder beetle
 14909 | D:11     | Killed a boulder beetle
 14910 | D:11     | Reached skill level 5 in Summonings
 15287 | Lair:1   | Entered Level 1 of the Lair of Beasts
 15888 | Lair:1   | Reached XP level 12. HP: 57/68 MP: 18/30
 16855 | Lair:1   | Reached **** piety under Hepliaklqana
 16936 | Lair:1   | Reached skill level 10 in Fighting
 17156 | Lair:2   | Reached skill level 1 in Translocations
 17714 | Lair:2   | Found a staircase to the Snake Pit.
 18395 | Lair:2   | Found a staircase to the Shoals.
 18721 | Lair:3   | Noticed a death yak
 18721 | Lair:3   | Noticed a death yak
 18721 | Lair:3   | Noticed a death yak
 18731 | Lair:2   | Slain by a death yak

Illustrated notes

Levels and vault maps discovered:
D:1:      dpeg_arrival_pits, layout_loops_corners,
          dreamdust_ecumenical_altar_drowned_temple, minmay_rat_gold_closets
D:2:      layout_loops_ring, uniq_crazy_yiuf_cottage, uniq_sigmund
D:3:      layout_rooms, grunt_temple_overflow_open
D:4:      layout_basic, nicolae_dithmenos_shadow_blocks, lemuel_doored_altar,
          temple_statues, serial_rivers, chequers_serial_rivers_large_b,
          chequers_serial_rivers_large_a, chequers_serial_rivers_small_a,
          chequers_serial_rivers_marsh, chequers_serial_rivers_micro_c,
          chequers_serial_rivers_micro_a, nicolae_nh_ransacked_shop
D:5:      layout_basic, serial_shops, nicolae_shop_tiny_glass
D:6:      layout_layer_cave, mainiacjoe_overflow_six_doors_small,
          mainiacjoe_overflow_chevrons
D:7:      layout_basic
D:8:      layout_basic, uniq_pikel, uniq_amaemon
D:9:      layout_big_octagon, serial_column_ruins, column_ruins_pillar_1,
          column_ruins_pillar_3, column_ruins_pillar_5, column_ruins_pillar_5,
          column_ruins_pillar_1, column_ruins_pillar_4, column_ruins_pillar_1,
          column_ruins_pillar_3, column_ruins_pillar_1, column_ruins_pillar_1,
          column_ruins_pillar_3, column_ruins_pillar_3, column_ruins_pillar_6,
          column_ruins_pillar_2, column_ruins_pillar_2, column_ruins_pillar_9,
          column_ruins_pillar_1, column_ruins_pillar_2, column_ruins_pillar_1,
          uniq_harold
D:10:     layout_long_grid, orc_0_dummy, serial_shops,
          nicolae_shop_pleasant_corner_grove, hangedman_decor_growths
D:11:     argonaut_augean_stables, layout_loops_corners, lair_entry_dummy,
          nicolae_take_the_stairs
Temple:   regret_index_temple_sphere_string
Lair:1:   kb_forest_paths, layout_misc_corridors, roderic_batcave,
          nicolae_lair_grove_arrangements
Lair:2:   layout_cave_pods, minmay_shoals_entry_hut, guppyfry_snake_entry_garden
Lair:3:   layout_hall_layers, uniq_nergalle, uniq_fannar

Skill      XL: |  1  2  3  4  5  6  7  8  9 10 11 12 |
---------------+-------------------------------------+-----
Conjurations   | 2 3 |  3.0
Air Magic      | 4 5 6 7 8 10 | 10.0
Spellcasting   | 4 6 8 11 12 | 12.5
Armour         | 1 5 |  5.0
Fighting       | 2 5 9 10 | 10.0
Invocations    | 1 |  1.4
Evocations     | 1 4 |  4.3
Summonings     | 5 9 |  9.2
Translocations | 4 |  4.0
Dodging        | |  2.4
Stealth        | |  2.4

Action                     |  1- 3 |  4- 6 |  7- 9 | 10-12 || total
---------------------------+-------+-------+-------+-------++-------
  Melee: Unarmed           |    10 |       |       |       ||    10
         Staff             |       |     6 |       |       ||     6
         Dagger            |       |       |     6 |    39 ||    45
   Cast: Shock             |    97 |    82 |   152 |   339 ||   670
         Airstrike         |       |     4 |    58 |   138 ||   200
         Mephitic Cloud    |       |       |     1 |     6 ||     7
         Summon Forest     |       |       |       |     1 ||     1
 Invoke: Ancestor Life: Kn |       |       |     1 |       ||     1
         Recall Ancestor   |       |       |     1 |     2 ||     3
  Evoke: Wand              |       |       |     4 |    10 ||    14
    Use: Potion            |     1 |       |       |     3 ||     4
         Scroll            |     1 |       |     7 |     6 ||    14
   Stab: Confused          |       |       |       |     3 ||     3
 Armour: Robe              |    11 |     3 |     7 |       ||    21
         Leather armour    |       |       |     5 |    27 ||    32
         Skin              |       |       |       |     8 ||     8
  Dodge: Dodged            |    19 |    13 |    25 |    91 ||   148
